 Dungeon Crawl Stone Soup version 0.27.1-3-gb3d3a73c9e (webtiles) character file.

Game seed: 18100354180619453390

133 Descartes the Sneak (level 4, 0/21 HPs)
             Began as a Spriggan Enchanter on Oct 19, 2021.
             Splashed by a jelly's acid (4 damage)
             ... on level 6 of the Dungeon.
             The game lasted 00:05:43 (3433 turns).

Descartes the Sneak (Spriggan Enchanter)            Turns: 3433, Time: 00:05:44

Health: 0/21       AC: -2    Str:  5    XL:     4   Next: 93%
Magic:  5/9        EV: 18    Int: 16    God:
Gold:   102        SH:  0    Dex: 15    Spells: 2/9 levels left

rFire    . . .     SeeInvis +   a - +1 dagger
rCold    . . .     Faith    .   (shield restricted)
rNeg     . . .     Spirit   .   b - +0 robe
rPois    .         Reflect  .   (helmet restricted)
rElec    .         Harm     .   (no cloak)
rCorr    .         Rampage  .   (gloves unavailable)
Will     .....                  (boots unavailable)
Stlth    +++.......             (no amulet)
HPRegen  0.07/turn              (no ring)
MPRegen  0.11/turn              (no ring)

@: corroded, very quick
A: very small, no large weapons, unfitting armour, see invisible, speed 3
a: no special abilities


You were on level 6 of the Dungeon.
You visited 1 branch of the dungeon, and saw 4 of its levels.

You collected 102 gold pieces.

Inventory:

Hand Weapons
 a - a +1 dagger (weapon)
 k - a +0 hunting sling
Missiles
 c - 26 arrows
 f - 102 stones
 l - 17 sling bullets
Armour
 b - a +0 robe (worn)
Jewellery
 m - a ring of fire
Scrolls
 d - a scroll of immolation {unknown}
 e - a scroll of identify {unknown}
 h - a scroll of fear {unknown}
 i - 2 scrolls of teleportation {unknown}
 n - a scroll of amnesia {unknown}
 p - 2 scrolls of blinking {unknown}
 q - a scroll of noise {unknown}
Potions
 g - a potion of invisibility {unknown}
 j - a potion of curing {unknown}
 o - a potion of magic {unknown}


   Skills:
 + Level 2.4 Short Blades
 + Level 3.8 Dodging
 * Level 6.4 Stealth
 - Level 3.0 Spellcasting
 + Level 4.4 Hexes


You had 2 spell levels left.
You knew the following spells:

 Your Spells              Type           Power      Damage    Failure   Level
a - Corona                Hex            17%        N/A       3%          1
b - Confusing Touch       Hex            16%        N/A       10%         3
c - Dazzling Flash        Conj/Hex       18%        N/A       22%         3

Your spell library contained the following spells:

 Spells                   Type           Power      Damage    Failure   Level
 Ensorcelled Hibernation  Hex/Ice        18%        N/A       12%         2
 Tukima's Dance           Hex            16%        N/A       10%         3
 Conjure Flame            Conj/Fire      2%         6-21      50%         3
 Ignite Poison            Fire/Tmut/Pois 2%         N/A       50%         3
 Sticky Flame             Conj/Fire      2%         2d3       88%         4


Dungeon Overview and Level Annotations

Branches:
Dungeon (3/15)

Altars:
Xom


Innate Abilities, Weirdness & Mutations

You are very small and have problems with some larger weapons.
You are too small for most types of armour.
You have supernaturally acute eyesight. (SInv)
You cover ground extremely quickly. (Speed+++)


Message History

The black bear growls angrily.
You hear a distant slurping noise.
Found a hunting sling.
You hit the black bear but do no damage.
The black bear bites you. The black bear misses you.
The black bear closely misses you.
You hit the black bear but do no damage.
The black bear appears confused.
You hit the black bear.
The black bear is lightly wounded.
You hear a distant slurping noise.
The door mysteriously vanishes.
A jelly comes into view.
The jelly quivers.
You hit the black bear but do no damage.
The black bear is lightly wounded.
You hit the black bear.
The black bear is lightly wounded.
The black bear bites you. The black bear misses you.
The black bear claws you but does no damage.
You hit the black bear.
The black bear is lightly wounded.
The black bear completely misses you. x2; The black bear misses you.
You hit the black bear.
The black bear is lightly wounded.
You strike the helpless black bear from behind!
You puncture the black bear!
The black bear is severely wounded.
The jelly hits you.
You are splashed with acid!
* * * LOW HITPOINT WARNING * * *
The black bear seems less confused.
Casting: Confusing Touch (extremely dangerous; 10% risk of failure)
Confirm with . or Enter, or press ? or * to list all spells.
The spell is extremely dangerous to cast (10% risk of failure)!
Continue anyway?
Your hands begin to glow red.
You hit the jelly but do no damage.
The jelly appears confused.
The acid corrodes you!
Your hands burn!
* * * LOW HITPOINT WARNING * * *
You hit the jelly.
Your hands burn!
You die...

# ##...###......#
##.##+##########...###......###
...............................
...............................
........................h......
...............................
##.##..###...###....###....####
#.. ##...###....###########
.Z.. #.....@Jh..........#...
..... #..................'...
....... #..................#...
####### #######################


You could see a black bear and a jelly (confused).

Vanquished Creatures
  A hound (D:6)
  Jessica (D:2)
  A centaur skeleton (D:6)
  An adder (D:1)
  An ufetubus (D:6)
  A dart slug (D:2)
  4 endoplasms
  A giant cockroach (D:1)
  5 goblins
  A hobgoblin (D:3)
  4 jackals (D:2)
  2 quokkas
  3 ball pythons
  3 bats (D:1)
  2 frilled lizards
  2 kobolds
  2 rats
35 creatures vanquished.

Notes
Turn   | Place    | Note
-------+----------+-------------------------------------------
     0 | D:1      | Descartes the Spriggan Enchanter began the quest for the
                  | Orb.
     0 | D:1      | Reached XP level 1. HP: 9/9 MP: 5/5
   373 | D:1      | Reached XP level 2. HP: 13/13 MP: 6/6
  1002 | D:2      | Reached skill level 5 in Stealth
  1622 | D:2      | Noticed Jessica
  1627 | D:2      | Killed Jessica
  1628 | D:2      | Reached XP level 3. HP: 16/16 MP: 6/8
  1977 | D:1      | Learned a level 3 spell: Confusing Touch
  1981 | D:1      | Learned a level 3 spell: Dazzling Flash
  2150 | D:2      | Found a shimmering altar of Xom.
  2420 | D:2      | Found a faded altar of an unknown god.
  2699 | D:3      | Reached XP level 4. HP: 16/21 MP: 4/9
  3015 | D:3      | You fall into a shaft and drop 3 floors!
  3083 | D:6      | Reached skill level 6 in Stealth
  3173 | D:6      | Noticed a black bear
  3433 | D:6      | Splashed by a jelly's acid

Illustrated notes

Levels and vault maps discovered:
D:1:      amcnicky_arrival_wind_blow, layout_basic
D:2:      layout_basic, basic_altar, shapermc_ecumenical_altar_petra,
          chequers_arboretum, uniq_jessica
D:3:      minmay_goblin_kobold_castle, layout_rooms
D:6:      layout_gridville, kennysheep_windowed_goal, uniq_sigmund

Skill      XL: |  1  2  3  4 |
---------------+-------------+-----
Dodging        | 3 |  3.8
Stealth        | 5 6 |  6.4
Spellcasting   | 3 |  3.0
Hexes          | 4 |  4.4
Short Blades   | 2 |  2.4

Action                   |  1- 3 |  4- 6 || total
-------------------------+-------+-------++-------
Melee: Dagger            |   148 |    58 ||   206
 Cast: Confusing Touch   |     2 |     7 ||     9
       Corona            |     2 |       ||     2
 Stab: Sleeping          |     7 |       ||     7
       Distracted        |     1 |       ||     1
       Confused          |     2 |     4 ||     6
Armor: Robe              |    19 |     8 ||    27
Dodge: Dodged            |   116 |    52 ||   168
